 Dungeon Crawl Stone Soup version 0.27.1 (webtiles) character file.

Game seed: 14661041000597943728

14519 ZARRMARR the Eclecticist (level 11, -3/54 HPs)
             Began as a Deep Elf Earth Elementalist on Aug 29, 2021.
             Was a Priest of Sif Muna.
             Slain by a boulder beetle (30 damage)
             ... on level 11 of the Dungeon.
             The game lasted 01:52:41 (14747 turns).

ZARRMARR the Eclecticist (DEEE)                    Turns: 14747, Time: 01:52:42

Health: -3/54      AC: 11    Str:  9    XL:     11   Next: 89%
Magic:  17/35      EV: 19    Int: 37    God:    Sif Muna [***...]
Gold:   178        SH:  0    Dex: 19    Spells: 24/46 levels left

rFire    . . .     SeeInvis .   k - +0 shortbow
rCold    . . .     Faith    .   (shield currently unavailable)
rNeg     + + .     Spirit   .   V - +4 robe of Augmentation {Str+4 Int+4 Dex+4}
rPois    .         Reflect  .   p - +0 helmet
rElec    .         Harm     .   L - +1 cloak of Wariness {rN++ Int+3}
rCorr    .         Rampage  .   N - +0 pair of gloves
Will     +....                  e - +0 pair of boots
Stlth    +++.......             o - amulet of regeneration
HPRegen  1.18/turn              g - +4 ring of evasion
MPRegen  0.24/turn              l - +6 ring of intelligence

@: no status effects
A: no striking features
a: Renounce Religion, Channel Magic, Forget Spell


You were on level 11 of the Dungeon.
You worshipped Sif Muna.
Sif Muna was most pleased with you.
You visited 2 branches of the dungeon, and saw 12 of its levels.

You collected 707 gold pieces.
You spent 529 gold pieces at shops.

Inventory:

Hand Weapons
 k - a +0 shortbow (weapon)
 H - the +5 falchion "Fidargh" {spect, rElec rF- Will+}
   (You found it on level 7 of the Dungeon)

   When its wielder attacks, the weapon's spirit leaps out and strikes again.
   The spirit shares a part of any damage it takes with its wielder.
   rF:        It makes you vulnerable to fire.
   rElec:     It insulates you from electricity.
   Will:      It increases your willpower.
Missiles
 m - 23 stones
 r - 151 arrows (quivered ammo)
 K - 3 boomerangs of dispersal
Armour
 e - a +0 pair of boots (worn)
 p - a +0 helmet (worn)
 L - the +1 cloak of Wariness (worn) {rN++ Int+3}
   (You found it on level 8 of the Dungeon)

   Int:       It affects your intelligence (+3).
   rN:        It greatly protects you from negative energy.
 N - a +0 pair of gloves (worn)
 V - the +4 robe of Augmentation (worn) {Str+4 Int+4 Dex+4}
   (You bought it in a shop on level 9 of the Dungeon)

   Str:       It affects your strength (+4).
   Int:       It affects your intelligence (+4).
   Dex:       It affects your dexterity (+4).
Magical Staves
 E - a staff of earth
Jewellery
 a - a ring of poison resistance
 b - a ring of fire
 c - a ring of protection from cold
 f - a +4 ring of protection
 g - a +4 ring of evasion (left hand)
 l - a +6 ring of intelligence (right hand)
 o - an amulet of regeneration (around neck)
 x - a ring of willpower
 A - a ring of ice
 D - a ring of magical power
 R - a ring of positive energy
 Z - a ring of protection from fire
Wands
 s - a wand of digging (9)
 t - a wand of flame (32)
 G - a wand of acid (7)
 J - a wand of charming (1)
Scrolls
 d - 2 scrolls of teleportation
 i - a scroll of vulnerability {unknown}
 j - a scroll of immolation
 n - a scroll of enchant armour
 q - 3 scrolls of magic mapping
 w - 4 scrolls of torment
 y - a scroll of brand weapon
 F - 3 scrolls of amnesia
 O - a scroll of enchant weapon
 T - 2 scrolls of fog
Potions
 u - 8 potions of curing
 B - a potion of brilliance {unknown}
 C - a potion of might {unknown}
 I - 2 potions of magic {unknown}
 M - a potion of cancellation {unknown}
 S - 2 potions of resistance {unknown}
 U - 2 potions of invisibility {unknown}
 W - a potion of mutation {unknown}
 Y - a potion of lignification {unknown}
Miscellaneous
 X - a condenser vane


   Skills:
 + Level 4.8 Dodging
 + Level 5.6 Stealth
 + Level 18.0 Spellcasting
 - Level 2.9 Conjurations
 - Level 5.3 Translocations
 * Level 5.5 Transmutations
 - Level 8.2 Earth Magic
 * Level 4.9 Poison Magic
 + Level 0.3 Invocations


You had 24 spell levels left.
You knew the following spells:

 Your Spells              Type           Power      Damage    Failure   Level
a - Sandblast             Erth           100%       2d20      1%          1
b - Stone Arrow           Conj/Erth      100%       3d13      1%          3
c - Passwall              Tmut/Erth      59%        N/A       1%          2
d - Apportation           Tloc           100%       N/A       1%          1
e - Passage of Golubria   Tloc           N/A        N/A       1%          4
f - Petrify               Tmut/Erth      71%        N/A       1%          4
g - Dazzling Flash        Conj/Hex       88%        N/A       1%          3
h - Iskenderun's Mystic   Conj/Tloc      59%        2d12      1%          4

Your spell library contained the following spells:

 Spells                   Type           Power      Damage    Failure   Level
 Corona                   Hex            36%        N/A       1%          1
 Summon Small Mammal      Summ           100%       N/A       1%          1
 Ensorcelled Hibernation  Hex/Ice        66%        N/A       1%          2
 Portal Projectile        Hex/Tloc       100%       N/A       1%          3
 Call Canine Familiar     Summ           33%        N/A       2%          3
 Summon Guardian Golem    Hex/Summ       33%        N/A       2%          3
 Tukima's Dance           Hex            33%        N/A       2%          3
 Blade Hands              Tmut           32%        N/A       2%          5
 Alistair's Intoxication  Tmut/Pois      42%        N/A       3%          5
 Yara's Violent Unravell  Hex/Tmut       26%        3d11      9%          5
 Excruciating Wounds      Necr           16%        N/A       26%         5
 Starburst                Conj/Fire      22%        6d7       63%         6
 Invisibility             Hex            16%        N/A       82%         6


Dungeon Overview and Level Annotations

Branches:
Dungeon (11/15)            Temple (1/1) D:4             Orc (0/2) D:9
   Lair: D:8-11

Altars:
Ashenzari
Cheibriados
Dithmenos
Elyvilon
Fedhas
Gozag
Hepliaklqana
Kikubaaqudgha
Makhleb
Nemelex Xobeh
Okawaru
Qazlal
Ru
Sif Muna
Trog
Uskayaw
Vehumet
Wu Jian
Xom
Yredelemnul
Zin
The Shining One

Shops:
D:5 :   D:9 [(   D:10 ([

Annotations:
D:9 Harold
D:10 Erica


Message History

The boulder beetle is moderately wounded.
m - 25 stones The boulder beetle closely misses you.
Casting: Sandblast (safe; 1% risk of failure)
Confirm with . or Enter, or press ? or * to list all spells.
Aiming: Sandblast (safe; 1% risk of failure)
Press: ? - help, Shift-Dir - straight line, f/p - boulder beetle
Aim: a boulder beetle (moderately wounded, 100% to hit)
The blast of sand hits the boulder beetle but does no damage.
The boulder beetle is moderately wounded.
m - 24 stones The boulder beetle bites you but does no damage.
Casting: Sandblast (safe; 1% risk of failure)
Confirm with . or Enter, or press ? or * to list all spells.
Aiming: Sandblast (safe; 1% risk of failure)
Press: ? - help, Shift-Dir - straight line, f/p - boulder beetle
Aim: a boulder beetle (moderately wounded, 100% to hit)
The blast of sand hits the boulder beetle but does no damage.
The boulder beetle is moderately wounded.
m - 23 stones The boulder beetle bites you!
Casting: Sandblast (safe; 1% risk of failure)
Confirm with . or Enter, or press ? or * to list all spells.
Okay, then.
Unknown command.
Casting: Sandblast (safe; 1% risk of failure)
Confirm with . or Enter, or press ? or * to list all spells.
Aiming: Passwall (safe; 1% risk of failure)
Press: ? - help, Dir - move target, p - boulder beetle A rock wall.
The boulder beetle bites you!
You begin to meditate on the wall.
You continue meditating on the rock.
The boulder beetle closely misses you.
You continue meditating on the rock.
The boulder beetle leaps!
You finish merging with the rock.
The boulder beetle curls into a ball and begins rolling!
The boulder beetle hits you!!
Ouch! That really hurt!
You die...

#.#...# #.#.# #..#
#.....# #.#(# #..#
###...# #.#.# #..#
#...####.#.#####..#
#........B........##
##..#####○...........
##.#.#####(#.####.####
#.###...°9.#○# #.#
##.#.@B○##.#.# #.#
##.###.##.#.# #.# ###
#.##9#.# #.# #.##....
..# #.###### #.# #.#
#.# #.#


You could see a boulder beetle (rolling) and a gargoyle (wandering).

Vanquished Creatures
  A boulder beetle (D:11)
  2 two-headed ogres
  Nergalle (D:10)
  The ghost of RatsInWalls the Covert, a novice GnDe of Hepliaklqana (D:6)
  Pikel (D:6)
  A deep elf pyromancer (D:11)
  A cyclops (D:9)
  3 centaur zombies
  Joseph (D:7)
  Maurice (D:10)
  Maggie (D:10)
  Psyche (D:8)
  An unseen horror (D:11)
  2 trolls
  A hornet (D:7)
  Sigmund (D:2)
  3 wyverns
  15 yaks
  A steam dragon (D:10)
  Menkaure (D:7)
  Edmund (D:5)
  3 water moccasins
  2 orc warriors (D:9)
  5 ice beasts (D:6)
  A black bear (D:7)
  A sky beast (D:5)
  A necrophage (D:3)
  An ogre (D:5)
  A lemure (D:6)
  5 centaurs
  3 kobold brigands
  5 bullfrogs
  4 scorpions
  A water moccasin zombie (D:5)
  A wyvern skeleton (D:7)
  2 water moccasin skeletons
  8 killer bees
  8 wights
  A howler monkey (D:4)
  A bullfrog zombie (D:6)
  3 hounds
  5 orc priests
  A gnoll shaman (D:8)
  4 bullfrog skeletons
  2 centaur skeletons
  An iguana (D:4)
  6 orc wizards
  6 gnolls
  3 howler monkey zombies
  11 adders
  3 white imps (D:6)
  5 worms
  A dart slug (D:1)
  29 orcs
  6 endoplasms
  7 giant cockroaches
  11 goblins
  11 hobgoblins
  6 jackals
  6 quokkas
  10 ball pythons
  11 bats
  4 frilled lizards
  16 kobolds
  9 rats
  A spectral hobgoblin (D:1)
273 creatures vanquished.

Notes
Turn   | Place    | Note
-------+----------+-------------------------------------------
     0 | D:1      | ZARRMARR the Deep Elf Earth Elementalist began the quest
                  | for the Orb.
     0 | D:1      | Reached XP level 1. HP: 10/10 MP: 6/6
   111 | D:1      | Found a faded altar of an unknown god.
   207 | D:1      | Reached XP level 2. HP: 15/15 MP: 4/8
   507 | D:1      | Reached XP level 3. HP: 19/19 MP: 6/10
   649 | D:1      | Reached skill level 4 in Spellcasting
  1015 | D:1      | Learned a level 3 spell: Stone Arrow
  1326 | D:2      | Reached XP level 4. HP: 2/24 MP: 0/12
  1331 | D:1      | HP: 1/24 [bat (1)]
  2974 | D:2      | Reached XP level 5. HP: 28/28 MP: 3/14
  3071 | D:2      | Found a blossoming altar of Fedhas.
  3166 | D:2      | Reached skill level 5 in Spellcasting
  3382 | D:2      | Noticed Sigmund
  3727 | D:3      | Noticed a necrophage
  3730 | D:3      | Killed a necrophage
  3731 | D:3      | Reached skill level 1 in Conjurations
  3731 | D:3      | Reached skill level 5 in Earth Magic
  3911 | D:3      | Reached XP level 6. HP: 32/32 MP: 13/16
  4697 | D:4      | Reached skill level 6 in Spellcasting
  5492 | D:4      | Reached XP level 7. HP: 36/36 MP: 3/18
  5750 | D:4      | Found a staircase to the Ecumenical Temple.
  5759 | Temple   | Entered the Ecumenical Temple
  5926 | Temple   | Became a worshipper of Ru the Awakened
  5948 | Temple   | Fell from the grace of Ru
  5948 | Temple   | Became a worshipper of Sif Muna the Loreminder
  6190 | D:5      | Entered Level 5 of the Dungeon
  6205 | D:5      | You fall into a shaft and drop 1 floor!
  6227 | D:5      | Found Kuban's Book Shop.
  6253 | D:5      | Noticed Edmund
  6261 | D:5      | Killed Edmund
  6262 | D:5      | Reached skill level 7 in Spellcasting
  6499 | D:5      | Reached skill level 8 in Spellcasting
  6630 | D:5      | Reached XP level 8. HP: 22/41 MP: 12/22
  7152 | D:5      | Learned a level 2 spell: Passwall
  7417 | D:2      | Killed Sigmund
  7418 | D:2      | Reached skill level 9 in Spellcasting
  7782 | D:6      | Reached skill level 10 in Spellcasting
  7782 | D:6      | Reached skill level 1 in Translocations
  7864 | D:6      | Noticed Pikel
  7873 | D:6      | Killed Pikel
  7874 | D:6      | Reached skill level 11 in Spellcasting
  7874 | D:6      | Reached XP level 9. HP: 45/45 MP: 10/26
  7922 | D:6      | Reached * piety under Sif Muna
  8038 | D:6      | Found a runed translucent gate.
  8038 | D:6      | Found a runed translucent gate.
  8038 | D:6      | Found a runed translucent gate.
  8133 | D:6      | Noticed RatsInWalls's ghost (novice GnDe)
  8249 | D:6      | Found an ornate altar of the Wu Jian Council.
  8606 | D:6      | Learned a level 1 spell: Apportation
  8875 | D:7      | Reached skill level 12 in Spellcasting
  8905 | D:7      | Noticed Menkaure
  8908 | D:7      | Killed Menkaure
  8936 | D:7      | Found a white marble altar of Elyvilon.
  9030 | D:7      | Noticed Joseph
  9039 | D:7      | Killed Joseph
  9040 | D:7      | Reached skill level 13 in Spellcasting
  9133 | D:7      | Identified the +5 falchion "Fidargh" {spect, rElec rF-
                  | Will+}
  9298 | D:7      | Reached XP level 10. HP: 50/50 MP: 27/29
  9835 | D:8      | Identified the +1 cloak of Wariness {rN++ Int+3}
  9885 | D:8      | Noticed Psyche
  9894 | D:8      | Killed Psyche
  9895 | D:8      | Reached skill level 14 in Spellcasting
  9895 | D:8      | Reached skill level 5 in Translocations
 10079 | D:8      | Reached skill level 5 in Stealth
 10167 | D:8      | Learned a level 4 spell: Passage of Golubria
 10352 | D:8      | Reached ** piety under Sif Muna
 10620 | D:8      | Reached skill level 1 in Poison Magic
 10745 | D:8      | Reached skill level 15 in Spellcasting
 11152 | D:8      | Learned a level 4 spell: Petrify
 11193 | D:9      | Found Siotur's Weapon Boutique.
 11194 | D:9      | Found a staircase to the Orcish Mines.
 11321 | D:9      | Found Boskei Ufibo's Armour Boutique.
 11418 | D:9      | Noticed a two-headed ogre
 11423 | D:9      | Killed a two-headed ogre
 11763 | D:9      | Found a hide-covered altar of Uskayaw.
 11763 | D:9      | Noticed a cyclops
 11769 | D:9      | Killed a cyclops
 11770 | D:9      | Reached skill level 16 in Spellcasting
 11770 | D:9      | Reached XP level 11. HP: 54/54 MP: 26/33
 11901 | D:9      | Found an ancient bone altar of Kikubaaqudgha.
 11968 | D:9      | Noticed Harold
 11998 | D:9      | Bought the +4 robe of Augmentation {Str+4 Int+4 Dex+4} for
                  | 529 gold pieces
 11998 | D:9      | Found the +4 robe of Augmentation {Str+4 Int+4 Dex+4}
 12078 | D:6      | Learned a level 3 spell: Dazzling Flash
 12202 | D:6      | Killed RatsInWalls's ghost
 12581 | D:6      | Found an ornate altar of the Wu Jian Council.
 12921 | D:9      | Learned a level 4 spell: Iskenderun's Mystic Blast
 12944 | D:10     | Entered Level 10 of the Dungeon
 12944 | D:10     | Noticed Maurice
 12953 | D:10     | Killed Maurice
 13066 | D:10     | Noticed Nergalle
 13077 | D:10     | Killed Nergalle
 13078 | D:10     | Reached skill level 17 in Spellcasting
 13253 | D:10     | Noticed Erica
 13401 | D:10     | Found Yluferch's Armour Shop.
 13438 | D:10     | Found Waotz's Antique Weapon Shoppe.
 13660 | D:10     | Reached *** piety under Sif Muna
 13667 | D:10     | Noticed Maggie
 13676 | D:10     | Killed Maggie
 13906 | D:11     | Noticed a two-headed ogre
 13906 | D:11     | Noticed a boulder beetle
 14008 | D:11     | Noticed a deep elf pyromancer
 14016 | D:11     | Killed a deep elf pyromancer
 14017 | D:11     | Reached skill level 5 in Transmutations
 14225 | D:11     | Noticed a boulder beetle
 14235 | D:11     | Killed a two-headed ogre
 14242 | D:11     | Killed a boulder beetle
 14244 | D:11     | Reached skill level 18 in Spellcasting
 14747 | D:11     | Slain by a boulder beetle

Illustrated notes

Levels and vault maps discovered:
D:1:      dpeg_arrival_court, layout_basic,
          dreamdust_ecumenical_altar_drowned_temple, minmay_tall_x
D:2:      minmay_diamond_boxcup, layout_basic, basic_altar, fountainhead,
          uniq_sigmund
D:3:      layout_basic, minmay_crystal_room, kennysheep_generic_room_3
D:4:      layout_loops_ring, lemuel_temple_firewalk_b
D:5:      layout_layer_cave, serial_shops, nicolae_shop_waterfront, uniq_edmund
D:6:      layout_loops_ring, nicolae_wu_jian_immortal_techniques,
          gammafunk_ghost_icy, uniq_pikel
D:7:      layout_gridville, kennysheep_mini, serial_bayou_pond_b, st_stairs_6,
          uniq_joseph, uniq_menkaure
D:8:      layout_cave_pools, kennysheep_nub, nicolae_underground_beach,
          uniq_psyche
D:9:      layout_rooms, eat_drink_and_be_merry_uskayaw, kiku_gazebo_pond_becter,
          lair_entry_dummy, orc_david_3, special_room [special_room_bee],
          st_stairs_13, dk_noncrumbling_3, minmay_large_rounded_square,
          uniq_harold
D:10:     layout_roguey, serial_shops, nicolae_take_the_stairs, shop,
          minivault_11, hangedman_abyss_or_decor_clamps,
          hangedman_decor_peaks_small, uniq_nergalle, uniq_maurice, uniq_erica,
          uniq_maggie
D:11:     layout_loops_ring
Temple:   eino_narrow_crystal_temple

Skill      XL: |  1  2  3  4  5  6  7  8  9 10 11 |
---------------+----------------------------------+-----
Dodging        | 3 4 |  4.8
Earth Magic    | 4 5 6 7 8 |  8.2
Spellcasting   | 4 5 6 8 11 13 16 18 | 18.0
Stealth        | 3 4 5 |  5.6
Conjurations   | 1 2 |  2.9
Translocations | 2 4 5 |  5.3
Transmutations | 3 5 |  5.5
Poison Magic   | 2 4 |  4.9
Invocations    | |  0.3

Action                   |  1- 3 |  4- 6 |  7- 9 | 10-12 || total
-------------------------+-------+-------+-------+-------++-------
Melee: Unarmed           |     1 |    10 |       |       ||    11
       Dire flail        |       |       |     2 |       ||     2
       Shortbow          |       |       |       |     2 ||     2
 Fire: Shortbow          |       |     1 |    46 |    83 ||   130
Throw: Dart              |    49 |    74 |       |       ||   123
 Cast: Sandblast         |    41 |    43 |    80 |   120 ||   284
       Stone Arrow       |     6 |    71 |    33 |   116 ||   226
       Apportation       |       |       |       |     4 ||     4
       Iskenderun's Myst |       |       |       |     6 ||     6
       Petrify           |       |       |       |     3 ||     3
       Dazzling Flash    |       |       |       |     3 ||     3
       Passwall          |       |       |       |     1 ||     1
       Passage of Golubr |       |       |       |     1 ||     1
Invok: Channel Magic     |       |       |       |     1 ||     1
  Use: Scroll            |       |     3 |     5 |     8 ||    16
       Potion            |       |     1 |       |     1 ||     2
Armor: Robe              |    12 |    13 |     2 |    34 ||    61
Dodge: Dodged            |    45 |    26 |    22 |    78 ||   171
